 Dungeon Crawl Stone Soup version 0.26.1-11-gd32895ea62 (webtiles) character file.

Game seed: 9669951347553026026

39 Eryximachus the Digger (level 3, -2/21 HPs)
             Began as an Octopode Earth Elementalist on June 19, 2021.
             Slain by Jessica
             ... wielding a +2 dagger of electrocution
              (4 damage)
             ... on level 2 of the Dungeon.
             The game lasted 00:04:19 (2577 turns).

Eryximachus the Digger (OpEE)                       Turns: 2577, Time: 00:04:20

Health: -2/21      AC:  1    Str:  7    XL:     3   Next: 45%
Magic:  3/6        EV: 13    Int: 18    God:
Gold:   25         SH:  0    Dex: 12    Spells: 0/6 levels left

rFire    . . .     SeeInvis .   (no weapon)
rCold    . . .     Faith    .   (no shield)
rNeg     . . .     Spirit   .   (helmet restricted)
rPois    .         Reflect  .   (no amulet)
rElec    .         Harm     .   (no ring)
rCorr    .         Rampage  .   (no ring)
Will     .....                  (no ring)
Stlth    +++.......             (no ring)
HPRegen  0.07/turn              (no ring)
MPRegen  0.10/turn              (no ring)
                                (no ring)
                                (no ring)

@: no status effects
A: almost no armour, stealthy swim, amphibious, 8 rings, constrict 8, camouflage
1, gelatinous body 1
a: no special abilities


You were on level 2 of the Dungeon.
You visited 1 branch of the dungeon, and saw 2 of its levels.

You collected 25 gold pieces.

Inventory:

Missiles
 b - 92 stones
 c - 8 poisoned darts
Jewellery
 f - an uncursed amulet of guardian spirit {unknown}
Scrolls
 d - a scroll of teleportation
 h - 2 scrolls of remove curse {unknown}
 i - a scroll of enchant armour {unknown}
Potions
 a - a potion of haste
 e - a potion of lignification {unknown}
 g - a potion of magic {unknown}


   Skills:
 - Level 2.0 Dodging
 - Level 3.0 Stealth
 - Level 2.0 Spellcasting
 - Level 1.0 Transmutations
 + Level 4.3 Earth Magic


You couldn't memorise any spells.
You knew the following spells:

 Your Spells              Type           Power        Failure   Level
a - Sandblast             Erth           34%          3%          1
b - Stone Arrow           Conj/Erth      18%          22%         3
c - Passwall              Tmut/Erth      9%           9%          2

Your spell library contained the following spells:

 Spells                   Type           Power        Failure   Level
 Petrify                  Tmut/Erth      11%          52%         4
 Lee's Rapid Deconstruct  Erth           8%           63%         5


Dungeon Overview and Level Annotations

Branches:
Dungeon (2/15)

Altars:

Annotations:
D:2 Jessica


Innate Abilities, Weirdness & Mutations

You cannot wear most types of armour.
You are very stealthy in the water. (Stealth+)
You are amphibious.
You can wear up to eight rings at the same time.
You can use your tentacles to constrict eight enemies at once.
Your skin changes colour to match your surroundings (Stealth+).
Your rubbery body absorbs attacks. (AC +1, EV +1)


Message History

You constrict the bat. The bat completely misses you.
The bat closely misses you.
You tentacle-slap the bat.
You kill the bat!
You tentacle-slap the giant cockroach. You grab the giant cockroach.
The giant cockroach is heavily wounded.
You constrict the giant cockroach.
You kill the giant cockroach!
Casting: Sandblast (safe; 3% risk of failure)
Confirm with . or Enter, or press ? or * to list all spells.
Aiming: Sandblast (safe; 3% risk of failure)
Press: ? - help, Shift-Dir - straight line, f - Jessica
Aim: Jessica, wielding a +2 dagger of electrocution and wearing a +0 robe (fast, 21% to evade)
The blast of sand hits Jessica!
Jessica is almost dead.
Jessica hits you with a +2 dagger of electrocution.
You are electrocuted!
* * * LOW HITPOINT WARNING * * *
Jessica hits you with a +2 dagger of electrocution.
You die...

#.....'...[.... ......#..#.#
#.#####......## ##.#..##.... [.#
#.......+ #(..........
#'#####......## #..#..#.....
....##.†.....# ####..#........
...)##.......# #...........b..
....##.......# #.##..#........
....##.......######........#.#.#.
######..........@@g..............
#.......######..##..........
#######.........##.#.##.#...
########.###.#.##.##..
#..##.#.##.# .. ............ .
###....#.# . ###.##.#....
#...<.......


You could see Jessica (fast) and a goblin.

Vanquished Creatures
  An adder (D:2)
  A dart slug (D:1)
  A leopard gecko (D:2)
  A giant cockroach (D:2)
  2 goblins (D:1)
  A hobgoblin (D:1)
  A quokka (D:2)
  7 bats
  4 frilled lizards (D:1)
  7 kobolds
  3 rats
29 creatures vanquished.

Notes
Turn   | Place    | Note
-------+----------+-------------------------------------------
     0 | D:1      | Eryximachus the Octopode Earth Elementalist began the quest
                  | for the Orb.
     0 | D:1      | Reached XP level 1. HP: 11/11 MP: 3/3
  1030 | D:1      | Reached XP level 2. HP: 17/17 MP: 5/5
  2450 | D:2      | Reached skill level 4 in Earth Magic
  2450 | D:2      | Reached XP level 3. HP: 21/21 MP: 3/6
  2454 | D:2      | Learned a level 3 spell: Stone Arrow
  2511 | D:2      | Learned a level 2 spell: Passwall
  2551 | D:2      | Noticed Jessica
  2577 | D:2      | Slain by Jessica

Illustrated notes

Levels and vault maps discovered:
D:1:      ncdulo_smallfort, layout_basic, minmay_pentomino_x2
D:2:      layout_basic, chequers_jeans, led_sif_pool, uniq_jessica

Skill      XL: |  1  2 |
---------------+-------+-----
Stealth        | 3 |  3.0
Earth Magic    | 4 |  4.3
Dodging        | |  2.0
Spellcasting   | |  2.0
Transmutations | |  1.0

Action                   || total
-------------------------++-------
Melee: Unarmed           ||    57
       Constrict         ||    18
       Tentacles         ||    13
 Cast: Sandblast         ||    15
  Use: Scroll            ||     1
 Stab: Sleeping          ||     3
Armor: Skin              ||    15
Dodge: Dodged            ||    71
